 Dungeon Crawl Stone Soup version 0.32-a0-931-g5a2cda0630 (webtiles) character file.

Game seed: 8769271952171278734

1483 runemasterragnar the Shooter (level 8, -2/55 HPs)
             Began as a Coglin Hunter on Apr 13, 2024.
             Slain by a gnoll
             ... wielding a +0 club
             ... led by a gnoll bouda
              (4 damage)
             ... on level 9 of the Dungeon.
             The game lasted 00:05:32 (5256 turns).

runemasterragnar the Shooter (Coglin Hunter)        Turns: 5256, Time: 00:05:32

Health: -2/55      AC:  1    Str: 12    XL:     8   Next: 79%
Magic:  8/8        EV: 13    Int:  8    God:
Gold:   335        SH:  0    Dex: 18    Spells: 7/7 levels left

rFire   . . .        a - +2 sling {Waldo}
rCold   . . .        d - +0 sling {Bangon}
rNeg    . . .        c - +0 leather armour
rPois   .            (no helmet)
rElec   .            (no cloak)
rCorr   .            (no gloves)
SInv    .            (no boots)
Will    .....        (amulet unavailable)
Stlth   +++          (ring unavailable)
HPRegen 0.29/turn    (ring unavailable)
MPRegen 0.11/turn    (no gizmo)

%: no passive effects
@: revving
A: off-hand wielding, slow wielding, warmup strikes, no jewellery, clumsy 1,
deformed body, frail 1, subdued magic 1
a: Invent Gizmo


You were on level 9 of the Dungeon.
You visited 1 branch of the dungeon, and saw 7 of its levels.

You collected 335 gold pieces.

Inventory:

Hand Weapons
 a - a +2 sling (weapon) {Waldo}
 d - a +0 sling (offhand) {Bangon}
Armour
 c - a +0 leather armour (worn)
Scrolls
 b - a scroll of butterflies
 e - a scroll of torment
 g - a scroll of noise {unknown}
 h - a scroll of amnesia {unknown}
 j - 2 scrolls of enchant armour
 k - 2 scrolls of teleportation
 p - a scroll of vulnerability {unknown}
 q - a scroll of immolation {unknown}
Potions
 l - 2 potions of curing
 n - 3 potions of enlightenment
 o - a potion of resistance


   Skills:
 + Level 5.1 Fighting
 * Level 7.1 Ranged Weapons
 + Level 4.6 Dodging
 + Level 4.2 Stealth


You had 7 spell levels left.
You didn't know any spells.
Your spell library contained the following spells:

 Spells                   Type           Power      Damage    Failure   Level
 Necrotise                Necr           0%         1d4       45%         1
 Scorch                   Fire           0%         2d5       58%         2
 Vampiric Draining        Necr           0%         2d6       83%         3
 Flame Wave               Conj/Fire      0%         2d4       99%         4
 Martyr's Knell           Necr/Summ      0%         N/A       99%         4
 Curse of Agony           Necr           0%         N/A       100%        5
 Summon Cactus Giant      Summ           0%         N/A       100%        6


Dungeon Overview and Level Annotations

Branches:
Dungeon (6/15)               Lair (0/5) D:9
 Temple: D:4-7

Altars:
Fedhas
Gozag
Sif Muna

Shops:
D:4 [

Annotations:
D:9 2 transporters


Innate Abilities, Weirdness & Mutations

You can wield a second weapon in your off-hand.
It takes a long time for you to wield or remove held weapons.
Your first few attacks do less damage.
You cannot equip rings or amulets.
You are clumsy. (Dex -2)
Armour fits poorly on your strangely shaped body.
You are frail. (-10% HP)
Your spells are a little easier to cast, but a little less powerful.


Message History

Fire: a) +2 sling {Waldo}
Press: ? - help, Q - select action Shift-Dir - straight line, f/p - gnoll
Aim: a gnoll, wielding a +0 club (heavily wounded, 69% to hit)
You shoot a sling bullet.
The sling bullet closely misses the gnoll.
You shoot a sling bullet.
The sling bullet barely misses the gnoll.
The gnoll hits you with a +0 whip!
* * * LOW HITPOINT WARNING * * *
Unknown command.
It was a potion of cancellation.
You feel magically purged. The gnoll hits you with a +0 club.
* * * LOW HITPOINT WARNING * * *
Fire: a) +2 sling {Waldo}
Press: ? - help, Q - select action Shift-Dir - straight line, f/p - gnoll
Aim: a gnoll, wielding a +0 club (moderately wounded, 69% to hit)
Okay, then.
You feel better. The gnoll hits you with a +0 club.
* * * LOW HITPOINT WARNING * * *
Fire: a) +2 sling {Waldo}
Press: ? - help, Q - select action Shift-Dir - straight line, f/p - gnoll
Aim: a gnoll, wielding a +0 club (moderately wounded, 69% to hit)
You shoot a sling bullet. The sling bullet hits the gnoll.
The gnoll is severely wounded.
You shoot a sling bullet. The sling bullet hits the gnoll.
The gnoll is severely wounded.
The gnoll barely misses you. The gnoll closely misses you.
Unknown command.
You aren't carrying any items that you can evoke.
Fire: a) +2 sling {Waldo}
Press: ? - help, Q - select action Shift-Dir - straight line, f/p - gnoll
Aim: a gnoll, wielding a +0 club (severely wounded, 69% to hit)
You shoot a sling bullet.
The sling bullet closely misses the gnoll.
The sling bullet hits the gnoll.
The gnoll is almost dead.
You shoot a sling bullet. The sling bullet hits the gnoll.
The gnoll is almost dead.
The gnoll hits you with a +0 club.
You die...

#.# #.# #.# #.#
..#......
#####.#./.#g...
#...#.#.......#
#.#.#@#........
#.#.#g#.g#.......
#g#..g#..........
#g#####g.........
#...ggbg...........
#.#####..bbb.......
#.# #.b..b.....###
#.# #.........#...
#.#
#.#.b##.....#..?


You could see 2 gnolls.

Vanquished Creatures
  A water moccasin (D:6)
  Duvessa (D:6)
  A black bear (D:6)
  An ice beast (D:5)
  A centaur (D:6)
  An ogre (D:4)
  A bullfrog (D:9)
  A scorpion (D:6)
  Dowan (D:6)
  A howler monkey (D:5)
  2 bombardier beetles
  5 orc priests
  4 jellies
  3 iguanas
  2 orc wizards (D:6)
  Natasha (thrice) (D:2)
  3 gnolls (D:6)
  5 adders
  2 white imps
  4 ufetubi (D:6)
  11 orcs
  6 bats
  10 endoplasms
  2 giant cockroaches
  5 goblins
  11 hobgoblins
  5 jackals
  5 kobolds
  A quokka (D:1)
  4 ball pythons
  3 frilled lizards
  A rat (D:1)
107 creatures vanquished.

Notes
Turn   | Place    | Note
-------+----------+-------------------------------------------
     0 | D:1      | runemasterragnar the Coglin Hunter began the quest for the
                  | Orb.
     0 | D:1      | Reached XP level 1. HP: 16/16 MP: 1/1
    42 | D:1      | Reached skill level 1 in Stealth
    46 | D:1      | Reached XP level 2. HP: 14/22 MP: 2/2
   450 | D:1      | Reached skill level 4 in Ranged Weapons
   450 | D:1      | Reached XP level 3. HP: 27/27 MP: 3/3
   718 | D:2      | Identified the +0 whip "Hodo Bon" {flame, rN+}
  1191 | D:2      | Noticed Natasha
  1195 | D:2      | Killed Natasha
  1196 | D:2      | Reached XP level 4. HP: 34/34 MP: 4/4
  1248 | D:2      | Noticed Natasha
  1251 | D:2      | Killed Natasha
  1300 | D:2      | Noticed Natasha
  1304 | D:2      | Killed Natasha
  1305 | D:2      | Reached XP level 5. HP: 32/40 MP: 5/5
  1367 | D:3      | Found an opulent altar of Gozag.
  1826 | D:3      | Reached XP level 6. HP: 37/47 MP: 6/6
  1897 | D:4      | Found Geopaxzaqab's Antique Armour Shop.
  2039 | D:4      | Reached skill level 5 in Ranged Weapons
  2347 | D:5      | Entered Level 5 of the Dungeon
  2496 | D:5      | Reached XP level 7. HP: 50/52 MP: 7/7
  2980 | D:5      | Found a shimmering blue altar of Sif Muna.
  3166 | D:6      | Reached skill level 6 in Ranged Weapons
  3191 | D:6      | Noticed Duvessa
  3199 | D:6      | Gained mutation: You have hidden genetic defects. [potion
                  | of mutation]
  3199 | D:6      | Gained mutation: Armour fits poorly on your strangely
                  | shaped body. [potion of mutation]
  3199 | D:6      | Gained mutation: Your spells are a little easier to cast,
                  | but a little less powerful. [potion of mutation]
  3538 | D:6      | Noticed Dowan
  3598 | D:6      | Reached XP level 8. HP: 14/61 MP: 8/8
  3615 | D:6      | Gained mutation: You are clumsy. (Dex -2) [hidden defects]
  3766 | D:6      | Killed Dowan
  4164 | D:6      | Gained mutation: You are frail. (-10% HP) [hidden defects]
  4164 | D:6      | Lost mutation: You have hidden genetic defects. [hidden
                  | defects expressed]
  4738 | D:6      | Killed Duvessa
  4739 | D:6      | Reached skill level 5 in Fighting
  4739 | D:6      | Reached skill level 7 in Ranged Weapons
  5115 | D:6      | Found a blossoming altar of Fedhas.
  5147 | D:6      | You fall into a shaft and drop 3 floors!
  5155 | D:9      | Noticed a skeletal warrior
  5156 | D:9      | Found a transporter.
  5169 | D:9      | Noticed a troll
  5172 | D:9      | Noticed a yak
  5183 | D:9      | Noticed a shadow
  5191 | D:9      | Noticed a skeletal warrior
  5192 | D:9      | Found a transporter.
  5199 | D:9      | Found a staircase to the Lair.
  5216 | D:9      | Noticed a two-headed ogre
  5219 | D:9      | Noticed a troll
  5253 | D:9      | HP: 2/55 [gnoll/+0 club[a gnoll bouda] (3)]
  5256 | D:9      | Slain by a gnoll

Illustrated notes

Levels and vault maps discovered:
D:1:      dpeg_arrival_shelter, layout_basic
D:2:      layout_basic, uniq_natasha
D:3:      layout_rooms, mainiacjoe_overflow_brackets
D:4:      layout_rooms, serial_aquarium, aquarium_bridge_long_joined
          [aquarium_subvault_window, aquarium_subvault_wall,
          aquarium_subvault_balcony, aquarium_subvault_bridge,
          aquarium_subvault_wall, aquarium_subvault_wall], aquarium_window_1,
          aquarium_window_2, aquarium_window_fake, aquarium_window_corner,
          aquarium_view_2c, aquarium_view_2g, aquarium_balcony_3b, serial_shops,
          shop
D:5:      layout_gridville, led_sif_pool
D:6:      layout_basic, fedhas_altar_fruit_tree, uniq_duvessa
D:9:      kennysheep_ambush_hall, layout_cave_pools,
          gammafunk_temple_of_torment, dpeg_oklobed_lair, roderic_lattice_a

Skill      XL: |  1  2  3  4  5  6  7  8 |
---------------+-------------------------+-----
Stealth        | 1 2 3 4 |  4.2
Dodging        | 2 3 4 |  4.6
Ranged Weapons | 4 5 6 7 |  7.1
Fighting       | 3 4 5 |  5.1

Action                     |  1- 3 |  4- 6 |  7- 9 || total
---------------------------+-------+-------+-------++-------
   Fire: Sling             |   152 |   170 |   360 ||   682
  Evoke: Wand              |       |       |    11 ||    11
    Use: Potion            |       |     4 |     5 ||     9
         Scroll            |       |       |     6 ||     6
 Armour: Leather armour    |    17 |    13 |    68 ||    98
  Dodge: Dodged            |     9 |    20 |    48 ||    77

Table legend: (Time is in decaauts)
 A = Elapsed time spent in this place.
 B = Non-inter-level travel time spent in this place.
 C = Inter-level travel time spent in this place.
 D = Time resting spent in this place.
 E = Time spent auto-exploring this place.
 F = Levels seen in this place.
 G = Mean time per level.
                   A        B        C        D        E       F      G
               +--------+--------+--------+--------+--------+-----+--------+
         Total |   5300 |   5171 |    129 |   1009 |   3418 |   7 |  757.1 |
       Dungeon |   5300 |   5171 |    129 |   1009 |   3418 |   7 |  757.1 |
               +--------+--------+--------+--------+--------+-----+--------+

Top non-repeatable levels by time:
     D:6: 1490 daAuts
     D:5: 1336 daAuts
     D:1: 719 daAuts
     D:2: 648 daAuts
     D:4: 504 daAuts
     D:3: 491 daAuts
     D:9: 109 daAuts
